 Dungeon Crawl Stone Soup version 0.21.1-1-g345015f (webtiles) character file.

13054 Amnesiac the Reanimator (level 11, -8/89 HPs)
             Began as a Mummy Necromancer on Mar 12, 2018.
             Was an Elder of Sif Muna.
             Killed from afar by a frost giant (24 damage)
             ... with a bolt of cold
             ... in an ice cave.
             The game lasted 00:37:19 (15662 turns).

Amnesiac the Reanimator (Mummy Necromancer)        Turns: 15662, Time: 00:37:20

Health: -8/89      AC:  5    Str: 13    XL:     11   Next: 70%
Magic:  1/26       EV: 15    Int: 17    God:    Sif Muna [****..]
Gold:   518        SH:  0    Dex: 12    Spells: 22/32 levels left

rFire    x . .     SeeInvis .   z - -1 dagger (curse)
rCold    + . .     Gourm    .   (no shield)
rNeg     + + +     Faith    +   d - +1 robe
rPois    ∞         Spirit   .   k - +1 helmet
rElec    .         Reflect  .   (no cloak)
rCorr    .         Harm     .   (no gloves)
MR       +....                  (no boots)
Stlth    ++........             p - amulet of faith
HPRegen  0.24/turn              (no ring)
MPRegen  0.20/turn              (no ring)

@: very slightly contaminated, no casting
A: no food or potions, fire vulnerability, cold resistance 1, negative energy
resistance 3, torment resistance, unbreathing
a: Stop Divine Energy, Channel Magic, Forget Spell, Renounce Religion


You were in an ice cave.
You worshipped Sif Muna.
Sif Muna was greatly pleased with you.
You were not hungry.

You visited 3 branches of the dungeon, and saw 12 of its levels.
You also visited: Ice Cave.

You collected 551 gold pieces.
You spent 33 gold pieces at shops.

Inventory:

Hand Weapons
 a - a +2 hunting sling of freezing
 z - a cursed -1 dagger (weapon)
Missiles
 c - 141 stones (quivered)
 e - 7 curare-tipped needles
 v - 17 poisoned needles
 A - 43 sling bullets
Armour
 d - a +1 robe (worn)
 i - a +0 pair of gloves
 k - a +1 helmet (worn)
 q - a +0 cloak
 r - the +0 robe "Azxor" {-Tele rC++ Dex+3, unknown}
   (You found it on level 6 of the Dungeon)

   It affects your dexterity (+3).
   It greatly protects you from cold.
   It prevents most forms of teleportation.
 u - a +3 ring mail
Jewellery
 j - an uncursed amulet of harm
 m - an uncursed ring of fire
 p - an amulet of faith (around neck)
 E - a +4 amulet of reflection {unknown}
Wands
 l - a wand of acid (5)
 s - a wand of iceblast (20)
 x - a wand of paralysis (25)
 C - a wand of disintegration (8)
Scrolls
 f - a scroll of magic mapping {!r}
 h - 2 scrolls of teleportation {!r}
 n - 3 scrolls of amnesia {!r}
 o - 8 scrolls of identify {!r}
 t - a scroll of enchant armour {!r}
 D - 3 scrolls of enchant weapon {!r}
Books
 b - a book of Necromancy

   Spells                             Type                      Level
   a - Pain                           Necromancy                   1
   b - Animate Skeleton               Necromancy                   1
   c - Vampiric Draining              Necromancy                   3
   d - Regeneration                   Charms/Necromancy            3
   e - Animate Dead                   Necromancy                   4
   f - Borgnjor's Vile Clutch         Necromancy/Earth             5
 g - a book of Misfortune

   Spells                             Type                      Level
   a - Confusing Touch                Hexes                        1
   b - Confuse                        Hexes                        3
   c - Gell's Gravitas                Translocation                3
   d - Petrify                        Transmutation/Earth          4
   e - Metabolic Englaciation         Hexes/Ice                    5
   f - Yara's Violent Unravelling     Hexes/Transmutation          5
 y - a Young Poisoner's Handbook

   Spells                             Type                      Level
   a - Sting                          Conjuration/Poison           1
   b - Poisonous Vapours              Poison/Air                   2
   c - Mephitic Cloud                 Conjuration/Poison/Air       3
   d - Olgreb's Toxic Radiance        Poison                       4
   e - Venom Bolt                     Conjuration/Poison           5


   Skills:
 - Level 9.0 Fighting
 - Level 6.0 Dodging
 - Level 1.5 Stealth
 + Level 11.1 Spellcasting
 * Level 12.5 Necromancy


You had 22 spell levels left.
You knew the following spells:

 Your Spells              Type           Power        Failure   Level  Hunger
a - Pain                  Necr           ####         1%          1    N/A
d - Vampiric Draining     Necr           ######....   1%          3    N/A
e - Borgnjor's Vile Clut  Necr/Erth      ####......   16%         5    N/A
z - Confusing Touch       Hex            #.....       8%          1    N/A

Dungeon Overview and Level Annotations

Branches:
Dungeon (10/15)            Temple (1/1) D:7            Lair (1/6) D:8
    Orc: D:9-12

Altars:
Ashenzari
Cheibriados
Dithmenos
Elyvilon
Fedhas
Gozag
Hepliaklqana
Kikubaaqudgha
Makhleb
Nemelex Xobeh
Okawaru
Qazlal
Ru
Sif Muna
Trog
Uskayaw
Vehumet
Wu Jian
Xom
Yredelemnul
Zin
The Shining One

Shops:
D:4 *   D:9 }

Annotations:
D:4 soepske's ghost, amateur GnTm
D:8 Lorn's ghost, novice HOBe
D:9 exclusion: door
D:10 Lorn's ghost, journeyman HOBe


Innate Abilities, Weirdness & Mutations

You do not eat or drink.
Your flesh is vulnerable to fire.
You are immune to poison.
Your flesh is cold resistant. (rC+)
You are immune to negative energy. (rN+++)
You are immune to unholy pain and torment.
You can survive without breathing.


Message History

The yak gores you.
The yak struggles to escape constriction.
You hit the yak.
The yak is almost dead.
The zombie hands constrict the yak.
You kill the yak!
Sif Muna accepts your kill.
The zombie hands constrict the yak!
The frost giant gestures at you while chanting.
The bolt of cold hits you! You resist.
The yak struggles to escape constriction.
Casting: Borgnjor's Vile Clutch
Confirm with . or Enter, or press ? or * to list all spells.
Aiming: Borgnjor's Vile Clutch
Press: ? - help, Dir - move target cursor, f - frost giant
Aim: a frost giant, wielding a battleaxe of freezing (moderately wounded) Decaying hands burst forth from the earth!
Zombie hands grab the frost giant.
The yak is unaffected.
The zombie hands constrict the yak!
The zombie hands constrict the frost giant.
The frost giant struggles to escape constriction.
The yak escapes!
The zombie hands constrict the frost giant.
The frost giant points at you and mumbles some strange words.
The bolt of cold hits you! You resist. The yak barely misses you.
You see here a yak corpse.
Casting: Borgnjor's Vile Clutch
Confirm with . or Enter, or press ? or * to list all spells.
Aiming: Vampiric Draining
Press: ? - help, Shift-Dir - straight line, f/p - frost giant
Aim: a frost giant, wielding a battleaxe of freezing (heavily wounded, constricted by zombie hands)
The frost giant is heavily wounded.
You feel life coursing into your body.
The zombie hands constrict the frost giant.
The frost giant closely misses you. The yak barely misses you.
Casting: Vampiric Draining
Confirm with . or Enter, or press ? or * to list all spells.
Aiming: Vampiric Draining
Press: ? - help, Shift-Dir - straight line, f/p - frost giant
Aim: a frost giant, wielding a battleaxe of freezing (heavily wounded, constricted by zombie hands)
The frost giant is severely wounded.
You feel life coursing into your body. Sif Muna grants you divine energy.
You briefly lose access to your magic!
The zombie hands constrict the frost giant!
The frost giant misses you. The yak closely misses you.
You can't drink.
Unknown command.
Okay, then.
You hit the frost giant but do no damage.
The frost giant is severely wounded.
The zombie hands constrict the frost giant!!
The zombie hands release their grip on the frost giant.
The frost giant hits you with a battleaxe of freezing!!
* * * LOW HITPOINT WARNING * * *
The frost giant freezes you.
* * * LOW HITPOINT WARNING * * *
The yak gores you!
* * * LOW HITPOINT WARNING * * *
The yak gores you!
* * * LOW HITPOINT WARNING * * *
The frost giant casts a spell at you. The bolt of cold hits you! You resist.
You die...

#### #..##..## ##..##
#..###Y.# ##....#
##÷.# #h.## ##.....##
#..## ##..#
##.......# ##.# #Y.#
#........## #..#
##C## ##
##........###.## #..#
.## ###...#.....##C.#
##.#
..###......##...@†.##
#†##
...#.......##....Y##
#†.##
#....##....###...##
##..#
##..####....###..#
#..# #### #.....#
#.## #..# ##....# ###
##.# ##...## #..#
##...# #..# ##..#
##.##


You could see a frost giant and a yak.

Vanquished Creatures
  Erolcha (D:10)
  A two-headed ogre (D:9)
  Pikel (D:9)
  Maurice (D:9)
  A manticore (D:9)
  An ice statue (IceCv)
  A komodo dragon (Lair:1)
  2 rime drakes (Lair:1)
  11 polar bears (IceCv)
  A troll (D:8)
  A hornet (D:9)
  Sigmund (D:2)
  15 yaks
  2 soldier ants (D:9)
  2 ice beasts
  2 black bears
  An orc warrior (D:7)
  5 sky beasts
  A phantom (D:7)
  3 ogres
  6 wolves (IceCv)
  A crocodile (Lair:1)
  2 bullfrogs (D:7)
  A wyvern skeleton (D:7)
  2 scorpions (D:8)
  6 killer bees
  5 electric eels (D:8)
  2 howler monkeys (D:4)
  12 wights
  2 crimson imps (D:6)
  A centaur zombie (D:8)
  A quasit (D:7)
  5 orc priests
  8 hounds
  A bullfrog zombie (D:8)
  A gnoll shaman (D:5)
  7 orc wizards
  3 worker ants
  2 hound skeletons
  Robin (D:2)
  12 gnolls
  8 adders
  2 shadow imps
  2 oozes
  An adder skeleton (D:5)
  7 worms
  2 dart slugs
  10 leopard geckos
  30 orcs
  5 giant cockroaches
  28 goblins
  11 hobgoblins
  9 jackals
  10 kobolds
  4 quokkas
  10 bats
  2 frilled lizards
  A leopard gecko zombie (D:7)
  2 quokka zombies
  6 rats
285 creatures vanquished.

Vanquished Creatures (others)
  2 slaves (D:9)
  An adder (D:8)
3 creatures vanquished.

Grand Total: 288 creatures vanquished

Notes
Turn   | Place    | Note
-------+----------+-------------------------------------------
     0 | D:1      | Amnesiac the Mummy Necromancer began the quest for the Orb.
     0 | D:1      | Reached XP level 1. HP: 13/13 MP: 4/4
   202 | D:3      | Reached XP level 2. HP: 10/19 MP: 0/6
   431 | D:4      | Noticed a howler monkey
   440 | D:4      | Killed a howler monkey
   440 | D:4      | Reached skill level 5 in Spellcasting
   440 | D:4      | Reached XP level 3. HP: 24/24 MP: 3/9
   456 | D:4      | Reached XP level 4. HP: 22/30 MP: 6/11
   647 | D:4      | Noticed an ogre
  1535 | D:3      | Reached XP level 5. HP: 31/35 MP: 14/14
  2020 | D:2      | Noticed Robin
  2046 | D:2      | Killed Robin
  2085 | D:2      | Reached skill level 5 in Necromancy
  2422 | D:1      | Found a sparkling altar of Nemelex Xobeh.
  2451 | D:1      | Reached XP level 6. HP: 41/41 MP: 15/15
  3152 | D:2      | Found a hide-covered altar of Uskayaw.
  3156 | D:2      | Noticed Sigmund
  3160 | D:2      | Learned a level 1 spell: Confusing Touch
  3164 | D:2      | Learned a level 3 spell: Vampiric Draining
  3183 | D:2      | Killed Sigmund
  3183 | D:2      | Reached skill level 6 in Necromancy
  3670 | D:3      | Learned a level 5 spell: Borgnjor's Vile Clutch
  3970 | D:4      | Reached XP level 7. HP: 31/46 MP: 7/16
  4047 | D:4      | Reached skill level 1 in Fighting
  4145 | D:4      | Noticed soepske's ghost (amateur GnTm)
  4352 | D:4      | Found Hana's General Store.
  4358 | D:4      | Bought a scroll of remove curse for 33 gold pieces
  4564 | D:4      | Found a glowing silver altar of Zin.
  4604 | D:5      | Entered Level 5 of the Dungeon
  4952 | D:5      | Reached skill level 5 in Fighting
  5003 | D:5      | Found a snail-covered altar of Cheibriados.
  5050 | D:5      | Reached XP level 8. HP: 62/62 MP: 11/17
  5862 | D:6      | Reached skill level 5 in Dodging
  5885 | D:6      | Got a distressingly furry robe
  6925 | D:7      | HP: 3/62 [wight/morningstar (10)]
  7169 | D:7      | Found a staircase to the Ecumenical Temple.
  7178 | Temple   | Entered the Ecumenical Temple
  7422 | Temple   | Became a worshipper of Sif Muna the Loreminder
  7562 | D:7      | Reached XP level 9. HP: 52/68 MP: 18/18
  8311 | D:8      | Found an ancient bone altar of Kikubaaqudgha.
  8311 | D:8      | Noticed Lorn's ghost (novice HOBe)
  8323 | D:8      | HP: 1/71 [Lorn's ghost (20)]
 10591 | D:8      | Found a staircase to the Lair.
 10713 | D:8      | Reached skill level 7 in Necromancy
 10875 | D:8      | Reached * piety under Sif Muna
 11286 | D:8      | Noticed a troll
 11295 | D:8      | Killed a troll
 11508 | D:9      | Reached XP level 10. HP: 67/83 MP: 16/21
 11582 | D:9      | Reached skill level 8 in Necromancy
 11936 | D:9      | Noticed Pikel
 11944 | D:9      | Noticed a manticore
 11955 | D:9      | Killed Pikel
 12072 | D:9      | Killed a manticore
 12274 | D:9      | Noticed Maurice
 12295 | D:9      | Killed Maurice
 12295 | D:9      | Reached ** piety under Sif Muna
 12295 | D:9      | Reached skill level 9 in Necromancy
 12467 | D:9      | Found Ditwiwne's Gadget Emporium.
 12736 | D:9      | Noticed a two-headed ogre
 12747 | D:9      | Killed a two-headed ogre
 12973 | D:10     | Entered Level 10 of the Dungeon
 13164 | D:10     | Noticed Erolcha
 13175 | D:10     | Killed Erolcha
 13175 | D:10     | Reached skill level 10 in Necromancy
 13256 | D:10     | Reached *** piety under Sif Muna
 13319 | D:10     | Noticed Lorn's ghost (journeyman HOBe)
 13568 | Lair:1   | Entered Level 1 of the Lair of Beasts
 13571 | Lair:1   | Found a frozen archway.
 13665 | Lair:1   | Reached XP level 11. HP: 44/89 MP: 1/24
 13955 | Lair:1   | Reached skill level 11 in Necromancy
 14115 | IceCv    | Entered an ice cave
 14124 | IceCv    | Reached skill level 10 in Spellcasting
 14248 | IceCv    | Reached **** piety under Sif Muna
 15088 | IceCv    | Reached skill level 12 in Necromancy
 15603 | IceCv    | Noticed a frost giant
 15662 | IceCv    | Killed from afar by a frost giant

Skill      XL: |  1  2  3  4  5  6  7  8  9 10 11 |
---------------+----------------------------------+-----
Spellcasting   | 3 5 6 7 9 11 | 11.1
Necromancy     | 5 6 7 10 12 | 12.5
Fighting       | 5 9 |  9.0
Dodging        | 2 6 |  6.0
Stealth        | |  1.5

Action                   |  1- 3 |  4- 6 |  7- 9 | 10-12 || total
-------------------------+-------+-------+-------+-------++-------
Melee: Unarmed           |     3 |     1 |     4 |     1 ||     9
       Short sword       |       |       |    31 |       ||    31
       Hunting sling     |       |       |     2 |       ||     2
       Dagger            |       |       |       |    57 ||    57
 Fire: Hunting sling     |    15 |   235 |   626 |    85 ||   961
 Cast: Pain              |    23 |   102 |    46 |    34 ||   205
       Confusing Touch   |       |     1 |     2 |     1 ||     4
       Borgnjor's Vile C |       |     1 |       |    29 ||    30
       Vampiric Draining |       |       |    30 |    79 ||   109
Invok: Divine Energy     |       |       |       |     1 ||     1
Evoke: Wand              |       |       |       |     1 ||     1
  Use: Scroll            |       |     5 |     1 |     3 ||     9
 Stab: Sleeping          |       |       |       |     1 ||     1
Armor: Robe              |     1 |    33 |    86 |    57 ||   177
Dodge: Dodged            |     5 |   102 |   322 |   196 ||   625
